Map: Oxide LE

Players

Steve

  • Race: Protoss Protoss
  • League: Master

TerranYOUup - Winner!

  • Race: Terran Terran
  • League: Diamond

VOD

Have the link to the VOD?

Description

Time

  • Played on: July 17, 2021, 11:08 a.m.
  • Length: 10:44
Show
View Real Time Build Order
Export as new Build Order

Steve Protoss 

Build Orders: 1 Gate Expand, Oracle Opening 

Get SALT Encoding   

  12  0:01  Probe  
  13  0:16  Pylon  
  13  0:17  Probe  
  14  0:29  Probe (Chrono Boost)  
  15  0:39  Probe (Chrono Boost)  
  15  0:40  Gateway  
  16  0:44  Probe (Chrono Boost)  
  16  0:47  Assimilator  
  17  0:55  Probe  
  18  1:07  Probe  
  19  1:19  Probe  
  20  1:27  Cybernetics Core  
  20  1:31  Probe  
  21  1:37  Nexus  
  21  1:44  Pylon  
  21  1:48  Probe  
  21  1:52  Assimilator  
  22  2:05  Adept (Chrono Boost), Probe  
  25  2:11  Shield Battery  
  25  2:17  Probe  
  26  2:23  Warp Gate (Chrono Boost)  
  26  2:29  Probe  
  27  2:34  Pylon  
  27  2:40  Stalker  
  27  2:41  Probe  
  30  2:53  Probe  
  30  2:55  Pylon  
  32  3:00  Stargate  
  32  3:03  Probe  
  32  3:05  Probe  
  33  3:15  Probe  
  33  3:17  Probe  
  35  3:20  Robotics Facility  
  35  3:27  Probe  
  35  3:31  Shield Battery  
  35  3:33  Probe  
  37  3:39  Probe  
  36  3:42  Pylon  
  36  3:45  Probe  
  36  3:46  Assimilator  
  36  3:47  Stalker  
  39  3:50  Oracle (Chrono Boost)  
  42  3:59  Gateway  
  42  4:05  Gateway  
  42  4:07  Observer (Chrono Boost)  
  43  4:10  Probe  
  43  4:15  Pylon  
  44  4:22  Probe  
  44  4:33  Observer  
  44  4:36  Phoenix  
  47  4:42  Probe  
  46  4:46  Stalker  
  48  4:54  Nexus  
  48  5:03  Stalker x2  
  40  5:22  Probe  
  41  5:29  Probe  
  41  5:34  Probe  
  43  5:41  Probe  
  44  5:45  Pylon  
  44  5:46  Probe  
  35  5:53  Probe  
  34  5:59  Probe  
  35  6:05  Probe  
  35  6:09  Probe  
  30  6:46  Probe  
  31  6:48  Probe  
  31  6:49  Probe  
  26  7:10  Probe  
  27  7:16  Probe  
  27  7:22  Probe  
  29  7:26  Probe  
  30  7:35  Probe x2  
  32  7:38  Probe  
  33  7:47  Probe x2  
  33  7:50  Probe  
  36  7:59  Probe  
  36  8:00  Probe  
  36  8:05  Probe  
  39  8:06  Stalker  
  41  8:22  Probe  
  41  8:26  Probe  
  43  8:27  Stalker x2  
  43  8:28  Probe  
  48  8:34  Probe  
  48  8:36  Assimilator  
  48  8:38  Probe  
  48  8:40  Assimilator, Probe  
  51  8:46  Probe  
  51  8:47  Observer  
  53  8:50  Probe  
  53  8:52  Probe  
  53  8:53  Twilight Council  
  55  8:58  Probe  
  54  9:03  Probe  
  54  9:05  Probe  
  54  9:08  Stalker  
  54  9:09  Stalker x2  
  60  9:14  Probe  
  61  9:19  Probe  
  61  9:22  Observer, Probe  
  63  9:27  Gateway  
  63  9:29  Gateway  
  63  9:37  Probe  
  63  9:38  Probe  
  65  9:44  Probe  
  65  9:45  Stalker x2  
  70  10:02  Gateway  
  70  10:06  Probe  
  71  10:07  Pylon, Gateway  
  71  10:08  Stalker x2  
  71  10:10  Pylon  
  75  10:19  Pylon  
  75  10:23  Robotics Bay, Probe  
  75  10:25  Assimilator  
  75  10:26  Stalker  
  68  10:30  Stalker  
Show
View Real Time Build Order
Export as new Build Order

TerranYOUup Terran - Winner!

Build Orders: 1/1/1 

Get SALT Encoding   

  12  0:00  SCV  
  13  0:12  SCV  
  14  0:17  Supply Depot  
  14  0:24  SCV  
  15  0:32  Refinery  
  15  0:39  SCV  
  16  0:46  Barracks  
  16  0:54  SCV  
  16  0:55  Refinery  
  17  1:06  SCV  
  18  1:19  SCV  
  19  1:32  Orbital Command  
  19  1:34  Marine  
  20  1:41  Factory  
  20  1:54  Barracks Reactor  
  20  1:59  SCV  
  21  2:06  Supply Depot  
  21  2:11  SCV  
  22  2:25  Factory Reactor  
  22  2:27  Starport  
  22  2:30  Armory  
  22  2:37  Bunker  
  22  2:42  Marine  
  22  2:45  SCV  
  23  2:54  Marine  
  23  2:58  SCV  
  25  3:00  Marine  
  26  3:07  Supply Depot  
  26  3:15  Marine  
  26  3:18  Marine  
  28  3:22  Widow Mine  
  28  3:25  Widow Mine  
  31  3:29  Medivac  
  32  3:35  SCV  
  33  3:43  Supply Depot  
  33  3:45  Widow Mine  
  33  3:47  Widow Mine  
  37  4:04  Liberator  
  37  4:05  Supply Depot  
  40  4:11  Widow Mine x2  
  44  4:33  Widow Mine x2  
  46  4:54  Liberator, Widow Mine x2  
  46  4:55  Marine  
  46  4:56  Marine  
  55  5:00  SCV  
  54  5:21  Widow Mine x2  
  55  5:24  Marine x2  
  55  5:29  Barracks  
  55  5:31  Supply Depot  
  55  5:52  Medivac, Widow Mine x2  
  56  6:14  Widow Mine x2  
  60  6:21  Liberator  
  60  6:22  Barracks Tech Lab  
  60  6:23  Barracks  
  60  6:25  Marine x2  
  61  6:28  Barracks  
  57  6:46  Widow Mine x2  
  53  7:04  Liberator  
  54  7:13  Marauder, Marine x2  
  54  7:14  Barracks Tech Lab, Stimpack  
  58  7:20  Widow Mine x2  
  56  7:31  Marine x2  
  56  7:33  Barracks Tech Lab  
  58  7:42  Widow Mine x2  
  59  8:17  Widow Mine x2  
  61  8:24  Liberator  
  61  8:26  Marine x2  
  61  8:27  Marauder x3  
  70  8:32  Supply Depot  
  61  9:07  Marauder x2  
  61  9:08  Marauder  
  63  9:13  Combat Shield  
  63  9:14  Concussive Shells  
  61  9:20  Medivac  
  61  9:21  Medivac  
  62  9:43  Supply Depot x2  
  62  9:50  Marauder x2  
  66  10:20  Marauder x3  
  72  10:21  Marine x2  
Tags
 
Add a new tag
Caveats
  • Supply blocks, unpowered buildings, or Contaminate may cause inaccurate times.
  • Supply counts are checked every 10 seconds.